 Dungeon Crawl Stone Soup version 0.23-a0-419-g0174fd80c1 (webtiles) character file.

30 kremius the Skirmisher (level 3, -8/29 HPs)
             Began as a Mummy Chaos Knight on Nov 13, 2018.
             Was a Plaything of Xom.
             Mangled by a worm (9 damage)
             ... on level 2 of the Dungeon.
             The game lasted 00:06:22 (745 turns).

kremius the Skirmisher (Mummy Chaos Knight)          Turns: 745, Time: 00:06:23

Health: -8/29      AC:  4    Str: 15    XL:     3   Next: 5%
Magic:  3/3        EV: 11    Int: 11    God:    Xom [..*...]
Gold:   25         SH:  0    Dex: 12    Spells: 2/2 levels left

rFire    x . .     SeeInvis .   a - +0 falchion (chaos)
rCold    + + .     Gourm    .   (no shield)
rNeg     + + +     Faith    .   e - +0 leather armour {rC+}
rPois    ∞         Spirit   .   b - +0 helmet
rElec    .         Reflect  .   (no cloak)
rCorr    .         Harm     .   (no gloves)
MR       .....     Rnd*Tele +   (no boots)
Stlth    +.........             (no amulet)
HPRegen  0.09/turn              c - ring of teleportation (curse)
MPRegen  0.08/turn              (no ring)

@: no status effects
A: no food or potions, fire vulnerability, cold resistance 1, negative energy
resistance 3, torment resistance, unbreathing
a: Renounce Religion


You were on level 2 of the Dungeon.
You worshipped Xom.
You were a toy of Xom.
You were not hungry.

You visited 1 branch of the dungeon, and saw 2 of its levels.

You collected 25 gold pieces.

Inventory:

Hand Weapons
 a - a +0 falchion of chaos (weapon)
Armour
 b - a +0 helmet (worn)
 e - a +0 leather armour of cold resistance (worn)
Jewellery
 c - a cursed ring of teleportation (left hand)
Scrolls
 d - a scroll of enchant armour {unknown}


   Skills:
 - Level 3.2 Fighting
 + Level 3.1 Long Blades
 - Level 1.8 Armour
 - Level 0.8 Dodging


You had 2 spell levels left.
You didn't know any spells.
Your spell library was empty.

Dungeon Overview and Level Annotations

Branches:
Dungeon (2/15)

Altars:


Innate Abilities, Weirdness & Mutations

You do not eat or drink.
Your flesh is vulnerable to fire.
You are immune to poison.
Your flesh is cold resistant. (rC+)
You are immune to negative energy. (rN+++)
You are immune to unholy pain and torment.
You can survive without breathing.


Message History

The kobold hits you but does no damage.
You hit the kobold.
The kobold is moderately wounded.
The kobold hits you with a +0 short sword.
* * * LOW HITPOINT WARNING * * *
You emit a cloud of colourful smoke!
You hit the kobold.
You kill the kobold!
Items here: $ ) ? † a +0 short sword; a scroll labeled AVEKYXT JIQENO; 8 gold pieces a kobold corpse You barely miss the worm.
The adder bites you but does no damage. The worm bites you.
* * * LOW HITPOINT WARNING * * *
The adder completely misses you.
You riposte.
You closely miss the adder. You hit the worm but do no damage.
The worm appears momentarily distorted!
The adder bites you.
* * * LOW HITPOINT WARNING * * *
The worm bites you!
You die...

#..# #
#..####.##
#..#......
##....##.#
#........#
##....##.#
..####.......#
.......w..##.#
..#####@### #
#S# #§####.#
#)§....#
#§###### #§#
#§# ... .#.#.


You could see a worm and an adder.

Vanquished Creatures
  A gnoll (D:2)
  2 dart slugs (D:1)
  2 hobgoblins (D:1)
  2 kobolds
  2 bats (D:1)
  3 frilled lizards
  3 goblins
  6 rats
21 creatures vanquished.

Notes
Turn   | Place    | Note
-------+----------+-------------------------------------------
     0 | D:1      | kremius the Mummy Chaos Knight began the quest for the Orb.
     0 | D:1      | Reached XP level 1. HP: 18/18 MP: 1/1
   199 | D:1      | Reached XP level 2. HP: 24/24 MP: 2/2
   321 | D:1      | XOM: divination: detect creatures
   630 | D:2      | XOM: noise
   698 | D:2      | XOM: enchant monster (good)
   714 | D:2      | Reached XP level 3. HP: 11/29 MP: 3/3
   738 | D:2      | XOM: smoke on damage
   745 | D:2      | HP: 1/29 [adder (3)]
   745 | D:2      | Mangled by a worm

Vault maps used:
D:1:      dpeg_arrival_refuge

Skill      XL: |  1  2 |
---------------+-------+-----
Long Blades    | 3 |  3.1
Fighting       | |  3.2
Armour         | |  1.8
Dodging        | |  0.8

Action                   || total
-------------------------++-------
Melee: Falchion          ||    43
  Use: Scroll            ||     1
Armor: Leather armour    ||    17
Dodge: Dodged            ||    40
       Rpst.: Falchion   ||    11

Table legend:
 A = Non-vault XP
 B = Vault XP
 C = Vault XP percentage of total XP
 D = Non-vault monster count
 E = Vault monster count
 F = Vault count percentage of total count
                 A         B        C        D         E       F
            +---------+---------+-------+---------+---------+-------
      Total |      44 |       0 |   0.0 |      21 |       0 |   0.0
            +---------+---------+-------+---------+---------+-------
        D:1 |      25 |       0 |   0.0 |      15 |       0 |   0.0
        D:2 |      19 |       0 |   0.0 |       6 |       0 |   0.0
            +---------+---------+-------+---------+---------+-------
